 Dungeon Crawl Stone Soup version 0.25-a0-482-g9b3b753f3f (webtiles) character file.

Game seed: 739127736675035869, levelgen mode: deterministic

77 Notrik the Skirmisher (level 4, -1/41 HPs)
             Began as a Hill Orc Fighter on Feb 10, 2020.
             Killed by divine providence
             ... invoked by an orc priest
              (9 damage)
             ... on level 3 of the Dungeon.
             The game lasted 00:01:43 (1382 turns).

Notrik the Skirmisher (Hill Orc Fighter)            Turns: 1382, Time: 00:01:44

Health: -1/41      AC: 11    Str: 19    XL:     4   Next: 34%
Magic:  4/4        EV:  3    Int:  8    God:
Gold:   107        SH:  9    Dex: 10    Spells: 3/3 levels left

rFire    . . .     SeeInvis .   a - +0 war axe
rCold    . . .     Gourm    .   c - +0 shield
rNeg     . . .     Faith    .   q - +0 plate armour
rPois    .         Spirit   .   (no helmet)
rElec    .         Reflect  .   (no cloak)
rCorr    .         Harm     .   (no gloves)
MR       .....                  (no boots)
Stlth    ..........             (no amulet)
HPRegen  0.13/turn              (no ring)
MPRegen  0.09/turn              (no ring)

@: no status effects
A: no striking features
a: Convert to Beogh


You were on level 3 of the Dungeon.
You were not hungry.

You visited 1 branch of the dungeon, and saw 3 of its levels.

You collected 107 gold pieces.

Inventory:

Hand Weapons
 a - a +0 war axe (weapon)
Armour
 c - a +0 shield (worn)
 q - a +0 plate armour (worn)
   (You found it on level 2 of the Dungeon)
Jewellery
 b - a cursed ring of teleportation {unknown}
   (You found it on level 2 of the Dungeon)
Scrolls
 f - a scroll of blinking {unknown}
 g - a scroll of fear {unknown}
 h - 3 scrolls of enchant armour {unknown}
 i - 2 scrolls of magic mapping {unknown}
 j - 2 scrolls of remove curse {unknown}
 k - a scroll of teleportation {unknown}
 l - a scroll of enchant weapon {unknown}
Potions
 d - 2 potions of might
 m - a potion of brilliance {unknown}
 o - 3 potions of curing {unknown}
 p - a potion of heal wounds {unknown}
 r - 2 potions of degeneration {unknown}
Comestibles
 e - 3 rations {!d}
 n - 2 chunks of flesh


   Skills:
 * Level 4.8 Fighting
 + Level 3.5 Axes
 + Level 3.8 Armour
 + Level 3.8 Shields


You had 3 spell levels left.
You didn't know any spells.
Your spell library was empty.

Dungeon Overview and Level Annotations

Branches:
Dungeon (3/15)

Altars:


Message History

The orc priest shouts, "Join the one true god or die!" (press Y on the ability menu to convert to Beogh)
You slash the orc!
You kill the orc!
The orc priest begins to cast a cantrip, but forgets the words!
Something hits you but does no damage.
You closely miss something. Something hits you but does no damage.
The orc priest calls down the wrath of Beogh upon you.
Beogh smites you!
* * * LOW HITPOINT WARNING * * *
Something completely misses you.
You miss something. You closely miss the orc.
You feel sick.
You are no longer poisoned.
Something hits you but does no damage. Something hits you but does no damage.
You closely miss something. You closely miss the orc.
You completely miss the orc. You block something's attack.
The orc hits you but does no damage. The orc completely misses you.
Something hits you but does no damage. You block the orc's attack.
The orc priest begins to cast a cantrip, but forgets the words!
You miss something. You hit the orc. You slash the orc!
You kill the orc!
You hear some strange, mumbled words.
A magic dart appears from out of thin air!
The magic dart hits you.
* * * LOW HITPOINT WARNING * * *
The orc hits you with a +1 vorpal mace.
* * * LOW HITPOINT WARNING * * *
* * * LOW HITPOINT WARNING * * *
You slash the orc!
You kill the orc!
You barely miss something. Something hits you but does no damage.
Something hits you but does no damage. You block the orc priest's attack.
Something hits you but does no damage.
The orc priest shouts, "Join the one true god or die!"
You closely miss the orc priest. You miss something.
The orc priest hits you but does no damage.
You hear some strange, mumbled words.
A puff of frost appears from out of thin air!
The puff of frost hits you but does no damage.
Your plate armour prevents you from hitting the orc priest.
You closely miss something. Something hits you but does no damage.
The orc priest mumbles some strange prayers to Beogh against you.
Beogh smites you!
You die...

#............
#...........?
#............
#............
#....)†......
#.....(......
#............
#...){o......
####...)@.......
#........#######
#.....##.#
#..... #.#
#..... #.#
###.####.#
#####......#
#.........##
#.........#


You could see an orc priest.

Vanquished Creatures
  An adder (D:3)
  2 oozes (D:1)
  3 worms (D:2)
  4 dart slugs
  3 orcs (D:3)
  3 bats
  2 giant cockroaches
  7 goblins
  3 hobgoblins
  2 frilled lizards
  6 kobolds
  6 rats
42 creatures vanquished.

Notes
Turn   | Place    | Note
-------+----------+-------------------------------------------
     0 | D:1      | Notrik the Hill Orc Fighter began the quest for the Orb.
     0 | D:1      | Reached XP level 1. HP: 19/19 MP: 1/1
    92 | D:1      | Reached XP level 2. HP: 27/27 MP: 2/2
    93 | D:1      | Reached skill level 4 in Fighting
   274 | D:1      | Reached XP level 3. HP: 28/33 MP: 3/3
  1315 | D:3      | Reached XP level 4. HP: 40/41 MP: 4/4
  1382 | D:3      | Killed from afar by an orc priest

Levels and vault maps discovered:
D:1:      wander_arrival_chamber, layout_rooms, amethyst_killhole
D:2:      layout_loops_corners
D:3:      layout_basic, gammafunk_temple_overflow_statue, first_ration,
          chequers_ecumenical_altar_island, uniq_grinder,
          uniq_crazy_yiuf_cottage

Skill      XL: |  1  2 |
---------------+-------+-----
Fighting       | 4 |  4.8
Axes           | 3 |  3.5
Armour         | |  3.8
Shields        | |  3.8

Action                   |  1- 3 |  4- 6 || total
-------------------------+-------+-------++-------
Melee: War axe           |    87 |    32 ||   119
  Eat: Chunk             |       |     2 ||     2
Armor: Scale mail        |    25 |       ||    25
       Plate armour      |     6 |    37 ||    43
Dodge: Dodged            |    30 |    10 ||    40
Block: Shield            |    28 |    13 ||    41

Table legend:
 A = Non-vault XP
 B = Vault XP
 C = Vault XP percentage of total XP
 D = Non-vault monster count
 E = Vault monster count
 F = Vault count percentage of total count
                 A         B        C        D         E       F
            +---------+---------+-------+---------+---------+-------
      Total |     111 |       0 |   0.0 |      42 |       0 |   0.0
            +---------+---------+-------+---------+---------+-------
        D:1 |      34 |       0 |   0.0 |      13 |       0 |   0.0
        D:2 |      45 |       0 |   0.0 |      17 |       0 |   0.0
        D:3 |      32 |       0 |   0.0 |      12 |       0 |   0.0
            +---------+---------+-------+---------+---------+-------
